 Dungeon Crawl Stone Soup version 0.26-a0-639-g72c4674329 (webtiles) character file.

Game seed: 16672491362459463611

44 KennyOmg the Chopper (level 3, -4/49 HPs)
             Began as a Minotaur Berserker on Sept 17, 2020.
             Was a Believer of Trog.
             Slain by Crazy Yiuf
             ... wielding a +3 quarterstaff of chaos
              (13 damage)
             ... while paralysed by Crazy Yiuf
             ... on level 2 of the Dungeon.
             The game lasted 00:02:17 (1488 turns).

KennyOmg the Chopper (Minotaur Berserker)           Turns: 1488, Time: 00:02:17

Health: -4/49      AC: 11    Str: 21    XL:     3   Next: 39%
Magic:  2/2        EV:  2    Int:  5    God:    Trog [**....]
Gold:   111        SH:  0    Dex:  9    Spells: 2/2 levels left

rFire    . . .     SeeInvis .   a - +0 hand axe
rCold    . . .     Faith    .   (no shield)
rNeg     . . .     Spirit   .   i - +0 plate armour
rPois    .         Reflect  .   (helmet restricted)
rElec    .         Harm     .   (no cloak)
rCorr    .         Rampage  .   (no gloves)
MR       .....                  (no boots)
Stlth    ..........             (no amulet)
HPRegen  0.16/turn              (no ring)
MPRegen  0.08/turn              (no ring)

@: paralysed, berserking, slowed
A: retaliatory headbutt, horns 2
a: Berserk, Trog's Hand, Renounce Religion


You were on level 2 of the Dungeon.
You worshipped Trog.
Trog was pleased with you.
You visited 1 branch of the dungeon, and saw 2 of its levels.

You collected 111 gold pieces.

Inventory:

Hand Weapons
 a - a +0 hand axe (weapon)
 f - a +0 hunting sling
   (You found it on level 1 of the Dungeon)
Missiles
 b - 98 stones (quivered)
 h - 43 sling bullets
 o - 3 boomerangs
Armour
 i - a +0 plate armour (worn)
   (You found it on level 2 of the Dungeon)
Jewellery
 j - a +6 ring of strength {unknown}
   (You found it on level 2 of the Dungeon)
 k - an uncursed ring of poison resistance {unknown}
   (You found it on level 2 of the Dungeon)
 m - a cursed amulet of inaccuracy {unknown}
   (You found it on level 2 of the Dungeon)
 n - an uncursed ring of resist corrosion {unknown}
   (You found it on level 2 of the Dungeon)
Scrolls
 d - 3 scrolls of fear {unknown}
 g - 3 scrolls of identify {unknown}
 l - a scroll of noise {unknown}
Potions
 c - a potion of ambrosia {unknown}
 e - 3 potions of stabbing {unknown}
 p - a potion of mutation {unknown}
 q - a potion of heal wounds {unknown}


   Skills:
 + Level 4.3 Fighting
 * Level 4.9 Axes
 - Level 2.4 Armour
 - Level 2.1 Dodging


You had 2 spell levels left.
You didn't know any spells.
Your spell library was empty.

Dungeon Overview and Level Annotations

Branches:
Dungeon (2/15)

Altars:

Annotations:
D:2 Crazy Yiuf


Innate Abilities, Weirdness & Mutations

You reflexively headbutt those who attack you in melee.
You have a pair of horns on your head.


Message History

You kill the frilled lizard!
Trog accepts your kill.
No target in view!
No target in view!
No target in view!
No target in view!
You see here a frilled lizard corpse.
b - 87 stones (gained 22)
Found 13 gold pieces.
Found 11 stones, a ring mail and a scroll labeled PAUNGUO TAMO.
You now have 111 gold pieces (gained 13).
b - 98 stones (gained 11)
g - 3 scrolls labeled PAUNGUO TAMO (gained 1)
Found a club.
You see here a club.
You see here a frilled lizard corpse.
There is a stone staircase leading up here.
There is a stone staircase leading down here.
There is a stone staircase leading up here.
Crazy Yiuf shouts!
You open the door. You hit Crazy Yiuf but do no damage.
Your headbutt misses Crazy Yiuf.
Crazy Yiuf says, "Goldfish verde song!"
Crazy Yiuf hits you with a +3 quarterstaff of chaos.
Crazy Yiuf freezes you.
You closely miss Crazy Yiuf. Your headbutt misses Crazy Yiuf.
Crazy Yiuf drinks a potion.
Crazy Yiuf seems to speed up.
You closely miss Crazy Yiuf. Crazy Yiuf hits you but does no damage.
You feel yourself slow down.
Crazy Yiuf grits, "Snower verde wrapper!"
Crazy Yiuf hits you but does no damage.
A red film seems to cover your vision as you go berserk!
You feel yourself moving faster!
You feel mighty! Crazy Yiuf hits you but does no damage.
You are electrocuted!!
Crazy Yiuf hits you but does no damage.
Unknown command.
You barely miss Crazy Yiuf. Your headbutt misses Crazy Yiuf.
Crazy Yiuf glowers.
Crazy Yiuf hits you with a +3 quarterstaff of chaos.
* * * LOW HITPOINT WARNING * * *
You suddenly lose the ability to move!
Crazy Yiuf hits you with a +3 quarterstaff of chaos!
* * * LOW HITPOINT WARNING * * *
You feel as though you will be slow longer.
Crazy Yiuf says, "I'm not crazy!"
Crazy Yiuf hits you with a +3 quarterstaff of chaos.
* * * LOW HITPOINT WARNING * * *
You are electrocuted!
You die...

#####.#.##........#
#.......####...##.#########
#.###.#.# #......<........
#.# ##### #######.....####
#.# #####.# # ### #.#
###.#### ###.###.##♣♣ ###
###....... ...........♣♣
♣♣#..)# #...#.....
###.##......♣♣♣♣@g...#
########.. #
#.###......♣..♣#...# #.. #
#.# ##....♣.♣♣♣ ### ##.
###.## ###♣♣♣♣♣ ## .....# #
###..# ########### # #..#
#.........# #### #..#
#########.# #... #.[# #.#
#.##


You could see Crazy Yiuf (fast).

Vanquished Creatures
  An adder (D:2)
  2 dart slugs
  A ball python (D:1)
  3 giant cockroaches
  2 goblins
  6 hobgoblins
  4 bats (D:2)
  6 frilled lizards
  7 rats
32 creatures vanquished.

Vanquished Creatures (others)
  A minotaur (D:1)
  A vine stalker (D:1)
  2 elves (D:1)
  A troll (D:1)
  A formicid (D:1)
  2 nagas (D:1)
  2 mummies (D:1)
  2 orcs (D:1)
  8 tentacles (D:1)
20 creatures vanquished.

Grand Total: 52 creatures vanquished

Notes
Turn   | Place    | Note
-------+----------+-------------------------------------------
     0 | D:1      | KennyOmg the Minotaur Berserker began the quest for the
                  | Orb.
     0 | D:1      | Reached XP level 1. HP: 19/19 MP: 0/0
     0 | D:1      | Noticed a naga
     0 | D:1      | Noticed a naga
     0 | D:1      | Noticed a formicid
     0 | D:1      | Noticed a troll
     0 | D:1      | Noticed a kraken
     0 | D:1      | Noticed an elf
     0 | D:1      | Noticed an elf
     0 | D:1      | Noticed a minotaur
     0 | D:1      | Noticed a vine stalker
     4 | D:1      | Killed a naga
     5 | D:1      | Killed a formicid
     6 | D:1      | Killed a naga
     9 | D:1      | Killed a troll
    11 | D:1      | Killed an elf
    12 | D:1      | Killed a vine stalker
    16 | D:1      | Killed a minotaur
    16 | D:1      | Killed an elf
   437 | D:1      | Reached XP level 2. HP: 25/27 MP: 1/1
  1050 | D:2      | Reached XP level 3. HP: 33/33 MP: 2/2
  1092 | D:2      | Found a runed translucent door.
  1093 | D:2      | Noticed Crazy Yiuf
  1164 | D:2      | Reached ** piety under Trog
  1487 | D:2      | Paralysed by Crazy Yiuf for 3 turns
  1488 | D:2      | Slain by Crazy Yiuf

Illustrated notes

Levels and vault maps discovered:
D:1:      nicolae_arrival_kraken_aquarium_a, layout_rooms, minmay_bisected
D:2:      layout_loops_ring, uniq_crazy_yiuf_cottage

Skill      XL: |  1  2 |
---------------+-------+-----
Axes           | 4 |  4.9
Fighting       | 4 |  4.3
Armour         | |  2.4
Dodging        | |  2.1

Action                   || total
-------------------------++-------
Melee: Hand axe          ||    65
       Headbutt          ||     7
Invok: Berserk           ||     1
 Stab: Sleeping          ||     1
Armor: Animal skin       ||     5
       Plate armour      ||    37
Dodge: Dodged            ||    26

Table legend: (Time is in decaauts)
 A = Elapsed time spent in this place.
 B = Non-inter-level travel time spent in this place.
 C = Inter-level travel time spent in this place.
 D = Time resting spent in this place.
 E = Time spent auto-exploring this place.
 F = Levels seen in this place.
 G = Mean time per level.
                   A        B        C        D        E       F      G
               +--------+--------+--------+--------+--------+-----+--------+
         Total |   1493 |   1449 |     44 |    155 |   1020 |   2 |  746.5 |
       Dungeon |   1493 |   1449 |     44 |    155 |   1020 |   2 |  746.5 |
               +--------+--------+--------+--------+--------+-----+--------+

Top non-repeatable levels by time:
     D:2: 764 daAuts
     D:1: 729 daAuts
